[Event "Early-Titled-Tuesday-Blitz-April-23-2024"]
[Site "Chess.com"]
[Date "2024.04.23"]
[Round "7"]
[White "biveklama"]
[Black "GalaxyRoman"]
[Result "0-1"]
[WhiteElo "2607"]
[BlackElo "2785"]
[TimeControl "180+1"]
[EndTime "9:22:50 PDT"]
[Termination "GalaxyRoman won on time"]

1. e4 e5 2. Nf3 Nc6 3. Bc4 Bc5 4. d3 Nf6 5. O-O a6 6. c3 d6 7. Bb3 Ba7 8. Nbd2 h6 9. Re1 O-O 10. h3 Nh5 11. Nf1 Qf6 12. Ne3 Nf4 13. Ng4 Bxg4 14. hxg4 Ne7 15. g3 Nh3+ 16. Kg2 Nxf2 17. Qe2 Nxg4 18. Rf1 Ng6 19. Nh2 Nf2 20. Rxf2 Qxf2+ 21. Qxf2 Bxf2 22. Kxf2 Kh7 23. g4 Ne7 24. Kg3 g6 25. Nf3 f5 26. gxf5 gxf5 27. exf5 Nxf5+ 28. Kh3 Ng7 29. Bd5 Nh5 30. Bxb7 Rab8 31. Be4+ Kg7 32. b4 Nf4+ 33.
Bxf4 Rxf4 34. Rg1+ Kf7 35. Bd5+ Ke7 36. a4 Rbf8 37.
Rg7+ Kd8 38. Kg3 R8f6 39. c4 h5 40. b5 axb5 41. axb5 Rg4+ 42. Rxg4 hxg4 43. Kxg4 Rf4+ 44. Kg3 Kd7 45. Kf2 Rg4 46. Ke3 Rg7 47. Nd2 Rg3+ 48. Ke2 Rh3 49. Nf3 Rh6 50. Be4 Kc8 51. Ng5 Kd7 52. Nf3 Ke7 53. Kd2 Kd7 54. Kc2 Kc8 55. Kc3 Kb8 56. Kb4 Rh1 57. Ng5 Rb1+ 58. Kc3 Rg1 59. Ne6 Kc8 60. Bc6 Rg6 61. Nf8 Rg3 62.
Nd7 e4 63. Kd4 exd3 64. Kc3 Kd8 65. Nf6 Rh3 66. Nd5 Kc8 67. Nb4 d2+ 68. Kxd2 Kd8 69. Nd3 Rh2+ 70. Kc3 Rh3 71. Bd5 Kd7 72. Bc6+ Kc8 73.
Be4 Kb8 74. Bf5 Rg3 75. Be6 Kb7 76. Bd5+ Kb6 77. Kc2 Rh3 78. Nb4 Kc5 79. Na6+ Kb6 80. Nb8 Kc5 81. Nd7+ Kd4 82. Kb2 Rc3 83. b6 cxb6 84.
Nxb6 Rh3 85. Kc2 Kc5 86. Nd7+ Kd4 87. Nb8 Rh4 88. Nd7 Rh2+ 89. Kb3 Rh1 90. Kb4 Rb1+ 91. Ka5 Rb2 92. Ka6 Rb1 93. Ka7 Rb2 94. Nb6 Rb1 95. Na4 Ra1 96. Bc6 Kxc4 97. Kb6 Kd4 98. Kb5 Ke5 99. Nb6 Rb1+ 100. Ka5 Kd4 0-1

[Event "Early-Titled-Tuesday-Blitz-April-23-2024"]
[Site "Chess.com"]
[Date "2024.04.23"]
[Round "7"]
[White "Elegance_Riks"]
[Black "Zhigalko_Sergei"]
[Result "1/2-1/2"]
[WhiteElo "2790"]
[BlackElo "2931"]
[TimeControl "180+1"]
[EndTime "9:23:06 PDT"]
[Termination "Game drawn by repetition"]

1. e4 c5 2. c3 Nf6 3. e5 Nd5 4. Nf3 Nc6 5. d4 cxd4 6. cxd4 d6 7. Bc4 Nb6 8. Bb5 d5 9. O-O Bf5 10. Nc3 e6 11. Bg5 Be7 12. Bxe7 Qxe7 13. Bxc6+ bxc6 14. Rc1 O-O 15. a3 Nc4 16. Na4 Bg4 17. Re1 Rab8 18. b3 Bxf3 19. Qxf3 Qxa3 20. Nc5 Nd2 21. Qe3 Ne4 22.
Nxe4 dxe4 23. Qxe4 Qxb3 24. Rxc6 a5 25. h4 Rfd8 26.
Rc7 Qb6 27. Rec1 Rxd4 28. Qf3 Rf8 29. h5 h6 30. Rb7 Qd8 31. g3 Rd3 32. Qe4 Qd5 33.
Qxd5 Rxd5 34. Re1 Ra8 35. Re4 a4 36. Rf4 Rxe5 37. Rfxf7 Rg5 38. Ra7 Rxa7 39. Rxa7 Rg4 40. Kg2 Rb4 41. f4 Rb2+ 42. Kf3 Ra2 43. Kg4 a3 44. Kh4 Ra1 45. Kg4 a2 46. Ra8+ Kh7 47. Ra7 Kg8 48. Ra6 Kf7 49. Ra7+ Ke8 50. Ra8+ Kd7 51.
Ra7+ Kc6 52. Ra8 Kb5 53. Ra7 Kc4 54. Ra8 Kb3 55. Rb8+ Kc3 56. Rc8+ Kd4 57. Ra8 Ke3 58. Ra7 Kd4 59. Ra8 Kd5 60. Rd8+ Kc6 61. Ra8 Kd6 62.
Ra7 e5 63. Ra6+ Kd5 64. Ra5+ Kd6 65. fxe5+ Ke6 66. Ra7 Kxe5 67. Ra8 Ke4 68. Ra7 Kd3 69. Ra8 Kc4 70. Rc8+ Kb3 71. Rb8+ Kc3 72. Rc8+ Kd3 73. Ra8 Ke3 74. Ra7 Kf2 75. Ra8 Kg2 76. Ra7 Kf2 77. Ra8 Ke3 78. Ra7 Ke4 79. Ra8 Ke5 80. Ra7 Ke6 81.
Ra8 Kf7 82. Ra7+ Kf6 83. Ra8 g5 84. Ra6+ Ke5 85. Ra5+ Kd4 86. Ra8 Ke4 87. Ra7 Ke3 88.
Ra8 Kf2 89. Ra7 Kg2 90. Ra8 Kf1 91. Ra7 Ke2 92. Ra8 Kd1 93. Ra7 Kc2 94. Rc7+ Kb3 95. Rb7+ Kc4 96. Rc7+ Kb5 97. Ra7 Kb6 98. Ra8 Kb7 99.
Ra5 Kc6 100. Ra8 Kd6 101. Ra7 Ke6 102. Ra8 Ke5 103. Ra5+ Kf6 104. Ra6+ Kf7 105. Ra7+ Ke6 106. Ra6+ Kd5 107. Ra8 Ke4 108. Ra4+ Kd3 109. Ra8 Kc2 110. Rc8+ Kb2 111. Rb8+ Kc3 112. Rc8+ Kb3 113. Rb8+ Kc4 114. Rc8+ Kb5 115. Rb8+ Kc6 116. Ra8 Kb7 117. Ra5 Kb6 118. Ra8 Kb5 119. Rb8+ Ka4 120. Ra8+ Kb3 121. Rb8+ Kc2 122. Rc8+ Kb2 123. Rb8+ Kc1 124. Rc8+ Kb1 125. Rb8+ Kc2 126. Rc8+ 1/2-1/2

[Event "Early-Titled-Tuesday-Blitz-April-23-2024"]
[Site "Chess.com"]
[Date "2024.04.23"]
[Round "7"]
[White "eagleclaw07"]
[Black "goodluck06"]
[Result "0-1"]
[WhiteElo "2861"]
[BlackElo "2692"]
[TimeControl "180+1"]
[EndTime "9:23:21 PDT"]
[Termination "goodluck06 won by resignation"]

1. d4 Nf6 2. c4 c6 3. Nf3 d5 4. e3 e6 5. Nc3 Nbd7 6. Bd3 dxc4 7. Bxc4 b5 8. Bd3 Bd6 9. e4 e5 10. O-O O-O 11. d5 cxd5 12. Nxb5 Nc5 13. Nxd6 Qxd6 14. Bc2 Ncxe4 15. Re1 Qe6 16. Ng5 Nxg5 17. Bxg5 Bb7 18. Bf4 Ne4 19. Be3 f5 20. f3 Nf6 21. Bd4 e4 22. Bb3 Kh8 23. Rc1 Rac8 24. Bxa7 f4 25.
Bd4 e3 26. Qd3 Ba6 27. Qb1 Bc4 28. Bxc4 dxc4 29. a4 Nd5 30. a5 Nb4 31. Re2 Nd3 32. Rd1 Rfd8 33. Bc3 Nf2 34. Rf1 Nd3 35. Qa2 Rd6 36.
Qa4 Qg6 37. Rd1 h5 38. Qb5 Rcd8 39. Ra1 Nf2 40. a6 Rd1+ 41. Re1 Rxa1 42. Rxa1 Nh3+ 43. Kh1 Qd6 44. Qxh5+ Kg8 45. gxh3 e2 46. Qg4 Qd1+ 47. Qg1 Qxa1 48. Qxa1 Rd1+ 49. Kg2 Rxa1 50. Kf2 Rxa6 51.
Kxe2 Rh6 52. Bd2 Rxh3 53. Bxf4 Kf7 54. Ke3 Ke6 55. Bg3 Rh5 56. Kd4 Rb5 57. Kxc4 Rxb2 58. Kd4 Rg2 59. Ke4 Kf6 60. Kf4 Kf7 61. Kg5 Ra2 62.
Kf5 Ra4 63. Kg5 g6 64. Bf4 Ra2 65. Kg4 Rg2+ 66. Bg3 Re2 67. Bh4 Ke6 68. Kg5 Rg2+ 69. Bg3 Kf7 70. Kg4 Rd2 71. Kg5 Rd5+ 72. Kf4 Rf5+ 73.
Ke4 Ke6 74. Bf4 Kf6 75. Bg3 Kg5 76. Bf2 Rf7 77. Bg3 Re7+ 78. Kd5 Kf5 79. Kd4 Re2 80. Kd3 Re8 81. Kd4 Ra8 82. Ke3 Ra3+ 83. Kf2 Ke6 84. Bf4 Kd5 85. Kg3 Ra4 86. Kg4 Ke6 87.
Kg5 Kf7 88. Be5 Ra5 89. f4 Rb5 90. h3 Rb1 91. Kg4 Rg1+ 92. Kf3 Ke6 93. h4 Kf5 94. Kf2 Rh1 95. Kg3 Rg1+ 96. Kh3 Rg4 97. Bd6 Rg1 98.
Be5 Rd1 99. Kg3 Rd3+ 100. Kf2 Kg4 101. Bf6 Rf3+ 102. Kg2 Rxf4 103. Bg5 Ra4 104. Bf6 Ra2+ 105. Kg1 Kg3 106. Kh1 Rh2+ 107. Kg1 Rc2 108. Bg5 Rb2 109. Kf1 Rb5 110. Ke2 Kg4 111. Bf6 Rh5 112. Ke3 Rxh4 113. Bxh4 Kxh4 114. Kf3 g5 115. Kf2 Kh3 116. Kf1 g4 117. Kg1 Kg3 118. Kh1 Kf2 119. Kh2 g3+ 120. Kh3 g2 0-1

[Event "Early-Titled-Tuesday-Blitz-April-23-2024"]
[Site "Chess.com"]
[Date "2024.04.23"]
[Round "7"]
[White "AradNazari"]
[Black "MatthewG-p4p"]
[Result "1/2-1/2"]
[WhiteElo "2741"]
[BlackElo "2898"]
[TimeControl "180+1"]
[EndTime "9:24:27 PDT"]
[Termination "Game drawn by 50-move rule"]

1. c4 c5 2. Nc3 g6 3. e4 Bg7 4. g3 Nc6 5. Bg2 e6 6. Nge2 Nge7 7. O-O O-O 8. a3 d6 9. Rb1 a5 10. d3 Rb8 11. Be3 Nd4 12. f4 Nec6 13. Bf2 b5 14. Nxd4 Nxd4 15. Nxb5 Nxb5 16. cxb5 Rxb5 17. d4 cxd4 18.
Bxd4 e5 19. Bc3 exf4 20. Bxg7 Kxg7 21. Rxf4 Qe7 22. Rf2 Qe5 23. Qd3 Be6 24. Rd2 Rb6 25. b4 Rfb8 26. Qd4 Qxd4+ 27. Rxd4 Kf6 28. Rbd1 axb4 29. Rxb4 Rxb4 30. axb4 Ke5 31. Rb1 Ba2 32. Rb2 Bc4 33. Kf2 Kd4 34. Rd2+ Ke5 35. Rb2 Bb5 36. Ke3 Ra8 37. Rd2 Ra3+ 38. Kf2 Ke6 39. Bh3+ Ke7 40. Rb2 Ra1 41. Bg2 Rc1 42. Bf3 Rc3 43. Be2 Bc6 44.
b5 Bxe4 45. b6 Bb7 46. Ra2 Rb3 47. Ra7 Rxb6 48. Bf3 Rb2+ 49. Kg1 Rb1+ 50. Kf2 Rb2+ 51. Ke1 Rxh2 52. Rxb7+ Kf6 53. Bd5 Rh3 54. Kf2 Rh2+ 55. Kf3 Ke5 56. Bxf7 Rh1 57. Bb3 Rc1 58. Rb5+ Kf6 59.
Rb6 Ke5 60. Rb5+ Kf6 61. Rb7 Ke5 62. Bg8 h5 63. Bf7 Kf6 64. Be8 Re1 65. Bc6 Rc1 66.
Be4 Rc3+ 67. Kf2 g5 68. Rb5 Rc5 69. Rb6 Ke5 70. Bf3 h4 71. g4 Rc2+ 72. Be2 Rc3 73. Rb5+ d5 74. Bf3 Rd3 75. Ke2 Rd4 76. Ke3 h3 77.
Rb7 Ra4 78. Re7+ Kd6 79. Rh7 d4+ 80. Ke4 Ra3 81. Rxh3 Kc5 82. Bg2 Ra2 83. Bf1 Rf2 84.
Bd3 Rf4+ 85. Ke5 Rxg4 86. Rh8 Rg3 87. Rc8+ Kb6 88. Kxd4 Rg1 89. Rg8 Kc7 90. Rg6 Kd7 91.
Bf5+ Kc7 92. Be4 Kd7 93. Ke5 Re1 94. Kd5 Ke7 95. Rxg5 Kf6 96. Rg6+ Kf7 97. Rb6 Ke7 98. Ke5 Ke8 99. Rb7 Re2 100. Rh7 Re1 101. Kd5 Kf8 102. Bf5 Re7 103. Rh6 Kg7 104. Rg6+ Kf7 105. Rb6 Kg7 106. Be6 Kf6 107. Bg8+ Kf5 108. Be6+ Kf6 109. Rc6 Ra7 110. Bc8+ Ke7 111. Rc5 Ra1 112. Bf5 Rd1+ 113. Ke5 Re1+ 114. Be4 Ke8 115. Rc6 Ke7 116. Rc7+ Ke8 117. Ra7 Re2 118. Kd5 Kf8 119. Bd3 Re7 120. Ra8+ Kg7 121. Kd6 Re3 122. Bf5 Kf6 123. Bd7 Rd3+ 124. Kc7 Rc3+ 125. Bc6 Rc1 126. Rf8+ Kg7 127. Re8 Kf7 128. Re2 Kf6 129. Kd6 Rd1+ 130. Bd5 Ra1 131. Rf2+ Kg5 132. Ke6 Ra5 133. Ke5 Rb5 134. Rg2+ Kh5 135. Rg8 Ra5 136. Ke4 Kh6 137. Rg1 Rb5 138. Be6 Rg5 139. Rf1 Kg7 140. Bf5 Kf6 141. Rf2 Kg7 142. Ke5 Rg1 143. Rb2 Re1+ 144. Be4 Kf7 145. Rb7+ 1/2-1/2

[Event "Early-Titled-Tuesday-Blitz-April-23-2024"]
[Site "Chess.com"]
[Date "2024.04.23"]
[Round "8"]
[White "GMAneta"]
[Black "Ginger_GM"]
[Result "0-1"]
[WhiteElo "2505"]
[BlackElo "2667"]
[TimeControl "180+1"]
[EndTime "9:26:05 PDT"]
[Termination "Ginger_GM won by resignation"]

1. d4 e6 2. Nf3 f5 3. g3 Nf6 4. Bg2 Be7 5. O-O O-O 6. c4 d6 7.
Nc3 a5 8. Qc2 Nc6 9. e4 Nb4 10.
Qe2 fxe4 11. Nxe4 Nxe4 12. Qxe4 e5 13. a3 Bf5 14. Qxb7 Rb8 15. Qa7 Nc6 16. Qa6 Rb6 0-1

[Event "Early-Titled-Tuesday-Blitz-April-23-2024"]
[Site "Chess.com"]
[Date "2024.04.23"]
[Round "8"]
[White "VirtualCoach"]
[Black "Thebigsqueeze"]
[Result "0-1"]
[WhiteElo "2010"]
[BlackElo "2315"]
[TimeControl "180+1"]
[EndTime "9:26:18 PDT"]
[Termination "Thebigsqueeze won by resignation"]

1. Nf3 Nf6 2. b3 g6 3. Bb2 Bg7 4.
g3 O-O 5. Bg2 d6 6. O-O e5 7. d3 c5 8. Nbd2 Nc6 9. e4 h6 10. Ne1 Ne8 11. f4 exf4 12. gxf4 Bxb2 0-1

[Event "Early-Titled-Tuesday-Blitz-April-23-2024"]
[Site "Chess.com"]
[Date "2024.04.23"]
[Round "8"]
[White "bazar-wokzal"]
[Black "ubdip"]
[Result "1-0"]
[WhiteElo "2589"]
[BlackElo "2383"]
[TimeControl "180+1"]
[EndTime "9:26:40 PDT"]
[Termination "bazar-wokzal won by resignation"]

1. e4 c5 2. c3 Nc6 3. d4 cxd4 4. cxd4 d5 5. exd5 Qxd5 6. Nf3 Bg4 7. Nc3 Qa5 8. d5 Nb8 9. Qb3 Qb6 10. Ne5 Bc8 11. Be3 Qxb3 12. axb3 a6 13. Nb5 1-0

[Event "Early-Titled-Tuesday-Blitz-April-23-2024"]
[Site "Chess.com"]
[Date "2024.04.23"]
[Round "8"]
[White "vasblesk"]
[Black "RandomNoob04"]
[Result "1-0"]
[WhiteElo "2813"]
[BlackElo "2664"]
[TimeControl "180+1"]
[EndTime "9:27:40 PDT"]
[Termination "vasblesk won by resignation"]

1. d4 Nf6 2. c4 c5 3. d5 b5 4. cxb5 a6 5. bxa6 g6 6. Nc3 Bg7 7. a7 Rxa7 8. e4 O-O 9. Nf3 e6 10.
Be2 exd5 11. exd5 d6 12. O-O Na6 13. Bc4 Nc7 14. Bf4 Ba6 15. Qd3 Ng4 16. h3 Ne5 17. Nxe5 dxe5 18. Be3 e4 19. Nxe4 Bxc4 20. Qxc4 Qxd5 21.
Qxd5 Nxd5 22. Bxc5 1-0

[Event "Early-Titled-Tuesday-Blitz-April-23-2024"]
[Site "Chess.com"]
[Date "2024.04.23"]
[Round "8"]
[White "The_Sherman_Variation"]
[Black "rezamahdavi2008"]
[Result "0-1"]
[WhiteElo "2738"]
[BlackElo "2911"]
[TimeControl "180+1"]
[EndTime "9:27:50 PDT"]
[Termination "rezamahdavi2008 won by resignation"]

1. e4 c5 2. c3 Nf6 3. e5 Nd5 4. Nf3 Nc6 5. Bc4 Nb6 6. Bb3 d5 7. exd6 Qxd6 8. d4 cxd4 9. cxd4 e6 10. O-O Be7 11. Nc3 O-O 12. Be3 Rd8 13. Qd2 Bd7 14. Bf4 Qb4 15. Bc2 Be8 16. a3 Qa5 17. Bg5 Nxd4 18.
Bxh7+ Kxh7 19. Qd3+ Qf5 20. Qxf5+ Nxf5 0-1

[Event "Early-Titled-Tuesday-Blitz-April-23-2024"]
[Site "Chess.com"]
[Date "2024.04.23"]
[Round "8"]
[White "Shankland"]
[Black "Shtembuliak"]
[Result "1-0"]
[WhiteElo "3066"]
[BlackElo "2884"]
[TimeControl "180+1"]
[EndTime "9:27:56 PDT"]
[Termination "Shankland won by resignation"]

1. e4 e6 2. d4 d5 3. Nd2 h6 4. Ngf3 Nf6 5. e5 Nfd7 6. c3 c5 7. Be2 Nc6 8. O-O g5 9. Nb3 g4 10. Ne1 h5 11. Be3 cxd4 12. cxd4 Qb6 13. Nd3 a5 14. a4 Nb4 15. Nxb4 Bxb4 16. Rc1 Nb8 17. Rxc8+ 1-0

[Event "Early-Titled-Tuesday-Blitz-April-23-2024"]
[Site "Chess.com"]
[Date "2024.04.23"]
[Round "8"]
[White "Skatchkov_V"]
[Black "Golubovsky"]
[Result "0-1"]
[WhiteElo "2659"]
[BlackElo "2532"]
[TimeControl "180+1"]
[EndTime "9:27:58 PDT"]
[Termination "Golubovsky won by resignation"]

1. d4 Nf6 2. c4 e6 3. Nf3 d5 4. g3 dxc4 5. Bg2 Be7 6. O-O O-O 7. Qc2 a6 8. a4 Nbd7 9. Qxc4 b5 10. Qc2 Bb7 11.
Bf4 Nd5 12. Bd2 c5 13. dxc5 Nxc5 14. axb5 axb5 15. Nc3 Nb4 16. Rxa8 Bxa8 17. Qc1 Nb3 18. Qd1 Bxf3 19. Qxb3 Bxg2 20. Rd1 Bd5 21. Nxd5 Qxd5 22. Qf3 0-1

[Event "Early-Titled-Tuesday-Blitz-April-23-2024"]
[Site "Chess.com"]
[Date "2024.04.23"]
[Round "8"]
[White "Payyappat"]
[Black "Chesstiger64"]
[Result "0-1"]
[WhiteElo "2509"]
[BlackElo "2373"]
[TimeControl "180+1"]
[EndTime "9:28:00 PDT"]
[Termination "Chesstiger64 won by checkmate"]

1. e4 c5 2. Nf3 e6 3. d4 cxd4 4. Nxd4 Nf6 5. Nc3 Nc6 6. Ndb5 Bb4 7. Bf4 Nxe4 8. f3 Qf6 9. Nc7+ Kd8 10. Qc1 Nxc3 11.
bxc3 Qxc3+ 12. Kd1 Qe1# 0-1

[Event "Early-Titled-Tuesday-Blitz-April-23-2024"]
[Site "Chess.com"]
[Date "2024.04.23"]
[Round "8"]
[White "DvaHrasta"]
[Black "x-7171385435"]
[Result "1-0"]
[WhiteElo "2420"]
[BlackElo "2152"]
[TimeControl "180+1"]
[EndTime "9:28:04 PDT"]
[Termination "DvaHrasta won by resignation"]

1. c4 e6 2. g3 d5 3. d4 Nf6 4. Bg2 dxc4 5. Na3 Bxa3 6. Qa4+ Nbd7 7. Qxa3 a6 8. Nf3 Rb8 9. Bg5 b5 10. Ne5 h6 11. Nc6 hxg5 12. Nxd8 Kxd8 13. O-O g4 14. Rad1 b4 15. Qe3 Nb6 16. Qg5 Rh7 17. e4 Bb7 18. e5 Rh5 19. Qf4 Nfd5 20. Qxf7 1-0

[Event "Early-Titled-Tuesday-Blitz-April-23-2024"]
[Site "Chess.com"]
[Date "2024.04.23"]
[Round "8"]
[White "Nikolakis2014"]
[Black "JiaHaoxiang"]
[Result "1-0"]
[WhiteElo "2745"]
[BlackElo "2589"]
[TimeControl "180+1"]
[EndTime "9:28:08 PDT"]
[Termination "Nikolakis2014 won by resignation"]

1. Nf3 c5 2. c4 b6 3. g3 Bb7 4. Bg2 Nf6 5. O-O e6 6. Nc3 Be7 7. d4 cxd4 8. Qxd4 d6 9. Bg5 h6 10. Bxf6 Bxf6 11. Qf4 a6 12. Rfd1 Be7 13. Ne5 O-O 14. Bxb7 dxe5 15. Rxd8 exf4 16. Rxf8+ 1-0

[Event "Early-Titled-Tuesday-Blitz-April-23-2024"]
[Site "Chess.com"]
[Date "2024.04.23"]
[Round "8"]
[White "PolandHussars"]
[Black "BallottiLuca"]
[Result "1-0"]
[WhiteElo "2585"]
[BlackElo "2383"]
[TimeControl "180+1"]
[EndTime "9:28:10 PDT"]
[Termination "PolandHussars won by resignation"]

1. e4 e5 2. Nc3 Nf6 3. g3 Bc5 4. Bg2 Nc6 5. Nge2 a6 6. O-O d6 7. d3 Be6 8. h3 Qd7 9. Kh2 h5 10.
Nd5 Nd4 11. Nxd4 Bxd4 12. Nxf6+ gxf6 13. c3 Ba7 14. f4 O-O-O 15. f5 Rdg8 16. Qf3 Qe8 17.
fxe6 fxe6 18. Be3 Bb8 19. Qxf6 Rg6 20. Qf7 Qxf7 21. Rxf7 Rhg8 22. Bf2 c6 23. Bf3 Bc7 24. Bxh5 Rg5 25. g4 Bd8 26. Be3 R5g7 27. Raf1 1-0

[Event "Early-Titled-Tuesday-Blitz-April-23-2024"]
[Site "Chess.com"]
[Date "2024.04.23"]
[Round "8"]
[White "GalaxyRoman"]
[Black "Javadovvv"]
[Result "1/2-1/2"]
[WhiteElo "2782"]
[BlackElo "2659"]
[TimeControl "180+1"]
[EndTime "9:28:17 PDT"]
[Termination "Game drawn by repetition"]

1. e4 e6 2. d4 d5 3. exd5 exd5 4.
Nf3 Nf6 5. Bd3 Bd6 6. c3 O-O 7.
O-O Bg4 8. h3 Bh5 9. Re1 Nbd7 10. Nbd2 c6 11. Nf1 Qc7 12. Bg5 Rfe8 13. Ne3 Bg6 14. Bxf6 Nxf6 15. Bxg6 hxg6 16. Qc2 Re7 17. Ng4 Rae8 18. Rxe7 Rxe7 19. Re1 Rxe1+ 20. Nxe1 Qe7 21.
Nf3 Nxg4 22. hxg4 Qe6 23. g5 Qe7 24. Qd2 Qe4 25. Qe1 Bf4 26. Kf1 Qd3+ 27. Kg1 Qe4 28. Kf1 Qd3+ 29. Kg1 Qe4 1/2-1/2

[Event "Early-Titled-Tuesday-Blitz-April-23-2024"]
[Site "Chess.com"]
[Date "2024.04.23"]
[Round "8"]
[White "Lily_Schirmbeck"]
[Black "ChessMA48"]
[Result "0-1"]
[WhiteElo "1632"]
[BlackElo "2300"]
[TimeControl "180+1"]
[EndTime "9:28:18 PDT"]
[Termination "ChessMA48 won by resignation"]

1. e4 e5 2. Nf3 Nc6 3. d4 exd4 4.
Bc4 Nf6 5. O-O d6 6. Nxd4 Ne5 7. Bb3 Be7 8. Re1 O-O 9. Nc3 a6 10. Bf4 c5 11. Bxe5 dxe5 12. Nf5 Bxf5 13. exf5 Qc7 14. Qf3 c4 15. Bxc4 Qxc4 16. Qxb7 Bb4 17. Re3 Rab8 18. Qa7 Bc5 0-1

[Event "Early-Titled-Tuesday-Blitz-April-23-2024"]
[Site "Chess.com"]
[Date "2024.04.23"]
[Round "8"]
[White "KubaGepard"]
[Black "Incognito_Knight"]
[Result "0-1"]
[WhiteElo "2607"]
[BlackElo "2745"]
[TimeControl "180+1"]
[EndTime "9:28:28 PDT"]
[Termination "Incognito_Knight won by resignation"]

1. d4 Nf6 2. Nf3 b6 3. g3 Bb7 4. Bg2 g6 5. O-O Bg7 6. c4 O-O 7. d5 Ne4 8. Nd4 Nd6 9. b3 e5 10. dxe6 Bxg2 11. Kxg2 c5 12. Nc2 dxe6 13. Bf4 Nf5 14.
Qxd8 Rxd8 15. Nba3 Bxa1 16. Rxa1 Nc6 17. e3 f6 18. e4 Nfd4 19. Nxd4 Nxd4 20. Rd1 Ne2 21. Rxd8+ Rxd8 22. Be3 Nc3 0-1

[Event "Early-Titled-Tuesday-Blitz-April-23-2024"]
[Site "Chess.com"]
[Date "2024.04.23"]
[Round "8"]
[White "Timerkhanov"]
[Black "CarlosjPineror"]
[Result "0-1"]
[WhiteElo "2647"]
[BlackElo "2767"]
[TimeControl "180+1"]
[EndTime "9:28:31 PDT"]
[Termination "CarlosjPineror won by resignation"]

1. d4 Nf6 2. Bg5 d5 3. Nd2 c5 4. dxc5 Nc6 5. a3 a5 6. c3 Bf5 7. b4 d4 8. cxd4 Nxd4 9. e4 Nxe4 10. Nxe4 Bxe4 11. Bd3 Bxg2 12. f3 Bxh1 13. Ne2 Nxf3+ 14. Kf2 Nxg5 15. Qxh1 Qxd3 16. Qxb7 Rd8 0-1

[Event "Early-Titled-Tuesday-Blitz-April-23-2024"]
[Site "Chess.com"]
[Date "2024.04.23"]
[Round "8"]
[White "RianKapriaga"]
[Black "FuenfgegenWilly"]
[Result "0-1"]
[WhiteElo "2311"]
[BlackElo "2488"]
[TimeControl "180+1"]
[EndTime "9:28:44 PDT"]
[Termination "FuenfgegenWilly won by checkmate"]

1. d4 d5 2. Nf3 Nc6 3. Bf4 f6 4. e3 Bg4 5. Be2 Bxf3 6. Bxf3 e5 7. Bg3 e4 8. Be2 f5 9. c4 Nf6 10. O-O h5 11. Bh4 dxc4 12. Nd2 Qd7 13. Bxf6 gxf6 14. Bxh5+ Kd8 15. f4 Qh7 16. Be2 Qxh2+ 17. Kf2 Qh4+ 18. Kg1 Qg3 19. Nxc4 b5 20. d5 bxc4 21. dxc6+ Bd6 22.
Qd4 Ke7 23. Bxc4 Rh2 24. Qd5 Qxg2# 0-1

[Event "Early-Titled-Tuesday-Blitz-April-23-2024"]
[Site "Chess.com"]
[Date "2024.04.23"]
[Round "8"]
[White "LikeWater"]
[Black "Iball95"]
[Result "0-1"]
[WhiteElo "2682"]
[BlackElo "2861"]
[TimeControl "180+1"]
[EndTime "9:28:46 PDT"]
[Termination "Iball95 won by resignation"]

1. e4 c5 2. Nf3 e6 3. c3 d5 4. e5 Nc6 5. d4 Nge7 6. h4 Bd7 7. Bd3 cxd4 8. O-O dxc3 9. Nxc3 a6 10. a3 Ng6 11. Bg5 Be7 12. Re1 Nxh4 13. Bxh4 Bxh4 14. Qa4 Nxe5 15. Qd4 Nxf3+ 16. gxf3 Bf6 17. Qxd5 Bc6 18. Qxd8+ Rxd8 19. Be4 Bxc3 20. bxc3 Bxe4 21. fxe4 Kd7 22. Rab1 Kc7 23. Rb4 Rd6 24. Reb1 b6 25. a4 a5 26. Rb5 Rc6 27. c4 Rb8 28. Rc1 Rc5 29. e5 Rd8 30. Rcb1 Rxb5 31. cxb5 Rd4 32. Rc1+ Kb7 33. Rc6 Rxa4 34.
Rd6 Rc4 0-1

[Event "Early-Titled-Tuesday-Blitz-April-23-2024"]
[Site "Chess.com"]
[Date "2024.04.23"]
[Round "8"]
[White "frequentblunders"]
[Black "MIss_MIaMI"]
[Result "0-1"]
[WhiteElo "2207"]
[BlackElo "2343"]
[TimeControl "180+1"]
[EndTime "9:28:50 PDT"]
[Termination "MIss_MIaMI won by resignation"]

1. d3 c5 2. f4 e6 3. Nf3 d5 4. Nc3 Nc6 5. e4 dxe4 6. dxe4 Qxd1+ 7. Kxd1 a6 8. Bd3 b5 9. Be3 Bb7 10. a4 c4 11. axb5 cxd3 12. bxc6 dxc2+ 13. Kxc2 Bxc6 14. Ne5 Bb7 15. Rhd1 Nf6 16. f5 Nxe4 17. Nxf7 Nxc3 18. Nxh8 Nxd1 19. Rxd1 Be4+ 20. Kc3 Rc8+ 21. Kd2 Rd8+ 22.
Ke1 Rxd1+ 23. Kxd1 exf5 24. g3 Be7 25. Bd4 Bf6 0-1

[Event "Early-Titled-Tuesday-Blitz-April-23-2024"]
[Site "Chess.com"]
[Date "2024.04.23"]
[Round "8"]
[White "JacksterThePro"]
[Black "Airquake"]
[Result "0-1"]
[WhiteElo "2486"]
[BlackElo "2664"]
[TimeControl "180+1"]
[EndTime "9:28:54 PDT"]
[Termination "Airquake won by resignation"]

1. Nf3 c5 2. c4 g6 3. Nc3 Bg7 4. e3 Nf6 5. d4 cxd4 6. exd4 d5 7.
cxd5 Nxd5 8. Bb5+ Nc6 9. O-O O-O 10. h3 Bf5 11. Re1 Ncb4 12. Ba4 Nd3 13. Re2 N5f4 14.
Bd2 Nxb2 15. Qb3 Nxe2+ 16. Nxe2 Nxa4 17. Qxa4 Bd7 18. Qb3 Bc6 19. Bg5 Qd5 20. Bxe7 Rfe8 21. Qa3 Qd7 22. d5 Qxe7 0-1

[Event "Early-Titled-Tuesday-Blitz-April-23-2024"]
[Site "Chess.com"]
[Date "2024.04.23"]
[Round "8"]
[White "baki83"]
[Black "Djager97"]
[Result "1-0"]
[WhiteElo "2886"]
[BlackElo "2544"]
[TimeControl "180+1"]
[EndTime "9:28:54 PDT"]
[Termination "baki83 won by resignation"]

1. e4 e5 2. Nf3 Nc6 3. Bb5 a6 4. Ba4 Nf6 5. O-O b5 6. Bb3 Bc5 7. c3 d6 8. a4 Rb8 9. d4 Bb6 10.
h3 Bb7 11. Re1 O-O 12. Bg5 h6 13. Bh4 exd4 14. cxd4 g5 15. Bg3 Nh5 16. Bh2 Ng7 17. axb5 axb5 18. Nc3 h5 19. Nd5 g4 20. hxg4 hxg4 21. Nxb6 gxf3 22. Nd5 Qg5 23. Qxf3 Nxd4 24. Nf6+ Kh8 25. Qh3+ Nh5 26. Nxh5 Nxb3 27. Ra3 Nd4 28. Nf4+ Kg7 29. Rg3 1-0

[Event "Early-Titled-Tuesday-Blitz-April-23-2024"]
[Site "Chess.com"]
[Date "2024.04.23"]
[Round "8"]
[White "lamomiajunior"]
[Black "Seochesspie"]
[Result "0-1"]
[WhiteElo "2735"]
[BlackElo "2904"]
[TimeControl "180+1"]
[EndTime "9:29:02 PDT"]
[Termination "Seochesspie won by checkmate"]

1. d4 Nf6 2. Nc3 d5 3. Bf4 a6 4. e3 e6 5. g4 Bb4 6. Ne2 O-O 7. a3 Bd6 8. g5 Ne8 9. h4 c5 10. Bg2 Nc6 11. Qd2 b5 12. dxc5 Bxc5 13. h5 Nd6 14. b3 Bb7 15. g6 Nf5 16. gxh7+ Kh8 17. Bh3 Qf6 18. Rg1 Ne5 19. Bxe5 Qxe5 20. Bxf5 Qxf5 21. Nd4 Qf6 22. f4 Rfe8 23. b4 Bb6 24. O-O-O Rac8 25. Kb2 e5 26. fxe5 Qxe5 27. Qg2 Rxc3 28. Kxc3 Qxe3+ 29. Kb2 Bxd4+ 30. Kb1 Qc3 31. Kc1 Qxa3+ 32. Kd2 Qe3# 0-1

[Event "Early-Titled-Tuesday-Blitz-April-23-2024"]
[Site "Chess.com"]
[Date "2024.04.23"]
[Round "8"]
[White "manmanlai1"]
[Black "Pasmendjambvirgulptipon98"]
[Result "0-1"]
[WhiteElo "2504"]
[BlackElo "2372"]
[TimeControl "180+1"]
[EndTime "9:29:03 PDT"]
[Termination "Pasmendjambvirgulptipon98 won by resignation"]

1. e4 e5 2. Nf3 Nc6 3. Bc4 Nf6 4. Ng5 d5 5. exd5 Na5 6. Bb5+ c6 7. dxc6 bxc6 8. Qf3 cxb5 9. Qxa8 Qc7 10. Nc3 a6 11.
Nd5 Nxd5 12. Qxd5 Bb7 13. Qd3 h6 14. Ne4 Qc6 15. f3 f5 16. Ng3 e4 17. fxe4 fxe4 18. Qe2 Bc5 19. Qh5+ Kd8 20. d4 exd3 21. Bg5+ Kc8 22.
Qg4+ Kb8 23. Bf4+ Ka8 24. c3 Re8+ 25. Kd1 Qxg2 0-1

[Event "Early-Titled-Tuesday-Blitz-April-23-2024"]
[Site "Chess.com"]
[Date "2024.04.23"]
[Round "8"]
[White "NM_Antelacus"]
[Black "yonaltimur"]
[Result "0-1"]
[WhiteElo "2255"]
[BlackElo "2401"]
[TimeControl "180+1"]
[EndTime "9:29:06 PDT"]
[Termination "yonaltimur won by resignation"]

1. e4 c5 2. Nc3 Nc6 3. g3 g6 4. Bg2 Bg7 5. d3 d6 6. f4 e6 7.
Nf3 Nge7 8. O-O O-O 9. Be3 Nd4 10. Qd2 Nec6 11. Rab1 f5 12. Ne2 e5 13. c3 Nxe2+ 14.
Qxe2 fxe4 15. dxe4 b6 16. Rbd1 Qc7 17. Qd2 Rd8 18. Qd5+ Kh8 19. Ng5 Ne7 20. Nf7+ Kg8 21. Nh6+ Kh8 22. Qg8+ Nxg8 0-1